 Dungeon Crawl Stone Soup version 0.31.0-9-g3a7656b989 (webtiles) character file.

Game seed: 14993988810164853260

395 Glamhuggeren the Changeling (level 6, -4/52 HPs)
             Began as a Draconian Shapeshifter on Feb 2, 2024.
             Slain by a gnoll
             ... wielding a +0 flail
             ... led by a gnoll bouda
              (7 damage)
             ... on level 5 of the Dungeon.
             The game lasted 00:10:51 (2446 turns).

Glamhuggeren the Changeling (DrSh)                  Turns: 2446, Time: 00:10:55

Health: -4/52      AC:  6    Str: 16    XL:     6   Next: 52%
Magic:  6/6        EV: 12    Int: 10    God:
Gold:   179        SH:  0    Dex: 13    Spells: 5/5 levels left

rFire   + .          .
                       - Unarmed
rCold   + . .        (no shield)
rNeg    . . .        (body armour unavailable)
rPois   +            (helmet currently unavailable)
rElec   +            (cloak currently unavailable)
rCorr   +            (gloves currently unavailable)
SInv    .            (boots currently unavailable)
Will    .....        (no amulet)
Stlth   +            (no ring)
HPRegen 0.28/turn    (no ring)
MPRegen 0.10/turn

%: random rage (3%)
@: beast-form, resistant, weakened
A: beast (slay +3), AC +6, unfitting armour, cold-blooded, berserk 1
a: Begin Untransformation


You were on level 5 of the Dungeon.
You were a hulking beast.
You visited 1 branch of the dungeon, and saw 5 of its levels.

You collected 179 gold pieces.

Inventory:

Hand Weapons
 s - a +0 sling
Missiles
 a - a curare-tipped dart
 f - 4 boomerangs (quivered)
 g - 33 stones
 j - 3 poisoned darts
Talismans
 b - a beast talisman
 c - a flux talisman
Wands
 p - a wand of mindburst (16)
Scrolls
 e - a scroll of torment {unknown}
 i - 2 scrolls of vulnerability {unknown}
 k - 3 scrolls of fog {unknown}
 m - 2 scrolls of identify {unknown}
 n - a scroll of teleportation {unknown}
 q - a scroll of blinking {unknown}
 r - a scroll of enchant weapon {unknown}
Potions
 d - 2 potions of attraction
 h - a potion of curing
 t - a potion of heal wounds {unknown}


   Skills:
 + Level 4.2 Fighting
 - Level 2.0 Dodging
 - Level 3.0 Unarmed Combat
 * Level 5.8 Shapeshifting


You had 5 spell levels left.
You didn't know any spells.
Your spell library was empty.

Dungeon Overview and Level Annotations

Branches:
Dungeon (5/15)
 Temple: D:4-7

Altars:
Cheibriados
Fedhas
Sif Muna
Xom
The Shining One

Shops:
D:1 *   D:2 [!:

Annotations:
D:3 Sigmund


Innate Abilities, Weirdness & Mutations

You are a hulking beast.
Your limbs bulge with bestial killing power. (Slay +3)
Your plain brown scales are hard. (AC +6)
You cannot fit into any form of body armour.
You are cold-blooded and may be slowed by cold attacks.
You sometimes lose your temper in combat.


Message History

You closely miss the gnoll bouda.
The gnoll bouda is moderately wounded.
The gnoll bouda barely misses you.
You hit the gnoll bouda.
The gnoll bouda is heavily wounded.
The gnoll bouda barely misses you.
You hit the gnoll bouda.
Your tail-slap misses the gnoll bouda.
You punch the gnoll bouda.
The gnoll bouda is severely wounded.
The gnoll bouda hits you with a +0 whip.
You hit the gnoll bouda but do no damage.
The gnoll bouda is severely wounded.
The gnoll bouda hits you with a +0 whip!
You hit the gnoll bouda.
The gnoll bouda is severely wounded.
The gnoll bouda hits you with a +0 whip!
* * * LOW HITPOINT WARNING * * *
You hit the gnoll bouda.
You tail-slap the gnoll bouda, but do no damage.
The gnoll bouda is severely wounded.
The gnoll bouda gazes fiercely through you!
You feel your attacks grow feeble. The gnoll bouda closely misses you.
You hit the gnoll bouda. You tail-slap the gnoll bouda.
The gnoll bouda is almost dead.
You hit the gnoll bouda but do no damage.
The gnoll bouda is almost dead.
The gnoll bouda hits you with a +0 whip.
* * * LOW HITPOINT WARNING * * *
You hit the gnoll bouda.
You kill the gnoll bouda!
You barely miss the gnoll. The gnoll hits you with a +0 flail.
* * * LOW HITPOINT WARNING * * *
It was a potion of mutation.
You feel extremely strange.
A venomous barb forms on the end of your tail.
You feel a little pissed off. The barb on your tail disappears.
The gnoll hits you from afar with a +0 halberd!
* * * LOW HITPOINT WARNING * * *
The gnoll hits you with a +0 flail!
You die...

### ..# g...... #.# ####
.......#### +# #.#+###...
..g.......###.########.......#
.....g.g................>....#
.......#....# ######.#.......#
.......#....########.#.......#
.......#....gggh.....#.......#
.....h.......######..#..######
.......###...#....<.........#
....... #...#.###...#.####.###
.......####......#...#........#
..............).#....#####.#####
.....................#.........#
.................###.....#.....#
.............#+#.# ###.#.#.#####


You could see 3 gnolls.

Vanquished Creatures
  A kobold brigand (D:4)
  A scorpion (D:4)
  A bombardier beetle (D:4)
  A gnoll bouda (D:5)
  A hound (D:4)
  7 gnolls
  4 adders
  A dart slug (D:1)
  3 ribbon worms
  An orc (D:4)
  7 bats
  3 endoplasms
  3 goblins
  10 hobgoblins
  2 jackals (D:1)
  4 quokkas
  8 ball pythons
  4 frilled lizards
  7 kobolds
  6 rats
75 creatures vanquished.

Notes
Turn   | Place    | Note
-------+----------+-------------------------------------------
     0 | D:1      | Glamhuggeren the Draconian Shapeshifter began the quest for
                  | the Orb.
     0 | D:1      | Reached XP level 1. HP: 16/16 MP: 1/1
    51 | D:1      | Reached XP level 2. HP: 17/23 MP: 2/2
   359 | D:1      | Found Cobik's General Store.
   427 | D:1      | Reached XP level 3. HP: 29/29 MP: 3/3
   530 | D:2      | Found a faded altar of an unknown god.
   589 | D:2      | Reached skill level 4 in Shapeshifting
   620 | D:2      | Found Qoheif's Armour Shoppe.
   645 | D:2      | Found Zofila's Distillery.
   675 | D:2      | Reached XP level 4. HP: 37/37 MP: 4/4
   807 | D:2      | Found Cidoysos's Book Shoppe.
  1039 | D:3      | Found a shimmering altar of Xom.
  1256 | D:3      | Noticed Sigmund
  1358 | D:4      | Reached XP level 5. HP: 38/45 MP: 5/5
  1398 | D:4      | Reached skill level 5 in Shapeshifting
  1519 | D:4      | HP: 1/46 [gnoll/+0 flail (5)]
  1664 | D:4      | Found a glowing golden altar of the Shining One.
  1701 | D:4      | Reached XP level 6. HP: 48/52 MP: 6/6
  2150 | D:4      | Found a snail-covered altar of Cheibriados.
  2213 | D:5      | Entered Level 5 of the Dungeon
  2380 | D:5      | Found a blossoming altar of Fedhas.
  2380 | D:5      | Found a shimmering blue altar of Sif Muna.
  2446 | D:5      | Gained mutation: Your tail ends in a venomous barb. [potion
                  | of mutation]
  2446 | D:5      | Gained mutation: You sometimes lose your temper in combat.
                  | [potion of mutation]
  2446 | D:5      | Lost mutation: Your tail ends in a venomous barb. [potion
                  | of mutation]
  2446 | D:5      | Slain by a gnoll

Illustrated notes

Levels and vault maps discovered:
D:1:      dpeg_arrival_renting, layout_rooms, serial_shops,
          nicolae_shop_temple_entry_statues_fountains, fountainhead
D:2:      layout_rooms, serial_shops, nicolae_shop_advertising_works
          [nicolae_subvault_shop_adworks], shop, nicolae_shop_crystal,
          ebering_ecumenical_altar_abandoned
D:3:      layout_loops_corners, mainiacjoe_overflow_cross_hatched,
          nicolae_ru_path_of_blood, serial_shops, shop,
          minmay_misc_feat_pillars, uniq_sigmund, uniq_crazy_yiuf_cottage
D:4:      layout_rooms, mainiacjoe_overflow_concentric_impassable, slow_altar_2,
          serial_corexii_hall, corexii_hall_statues_l, chequers_hall_statues_y,
          grunt_decor_mini_mirrors
D:5:      layout_basic, chequers_temple_overflow_statue_of_worship,
          serial_shops, nicolae_shop_competitors_out_of_business

Skill      XL: |  1  2  3  4  5  6 |
---------------+-------------------+-----
Dodging        | 2 |  2.0
Fighting       | 2 3 4 |  4.2
Shapeshifting  | 4 5 |  5.8
Unarmed Combat | |  3.0

Action                     |  1- 3 |  4- 6 || total
---------------------------+-------+-------++-------
  Melee: Unarmed           |   104 |   134 ||   238
         Tailslap          |    12 |    18 ||    30
         Punch             |     2 |     5 ||     7
    Use: Potion            |       |     8 ||     8
 Armour: Skin              |    52 |    68 ||   120
  Dodge: Dodged            |    63 |    72 ||   135
